AoeStats
← OdetoRomulus

Arabia

509478927Analyzed
1v1 RM · 7d ago on Sep 26, 2026· 31m 33s· 2 players
Game mode
Random Map
Map size
Tiny (2 player)
Population
200
Speed
Normal
Resources
Standard
Victory
Conquest
Starting age
Dark Age
Ending age
Imperial Age
RankedLock teamsTeams togetherTeam positionsShared explorationLock speedFull tech treeHidden civsTurbo modeCheats
Victory
Defeat
🇦🇺 Burgundians · Australia
676
+12
🇪🇸 Vietnamese · Spain
595
-12
Ioann1
11:24 Feudal Age
14:35 Double-Bit Axe
16:12 Gold Mining
26:16 Castle Age
27:12 Pikeman
27:15 Elite Skirmisher
29:41 Scale Mail Armor
29:32 Fletching
29:21 Crossbowman
OdetoRomulus
10:15 Feudal Age
9:58 Double-Bit Axe
10:44 Man-at-Arms
20:54 Castle Age
20:59 Gold Mining
21:25 Forging
23:26 Elite Skirmisher
24:13 Fletching
24:24 Padded Archer Armor
27:32 Leather Archer Armor
29:52 Scale Barding Armor
Connection lost

Rejoining the realm…

Still unreachable

The connection could not be restored.

Session expired

The server has moved on; the page needs a fresh start.